Map: Ulzaan

Players

Mesrob

  • Race: Terran Terran
  • League: Gold
  • Spawn Location: 11:00

Subwaymaker

  • Race: Protoss Protoss
  • League: Silver
  • Spawn Location: 9:00

femoragasgma

  • Race: Protoss Protoss
  • League: Platinum
  • Spawn Location: 1:00

Huterforteye

  • Race: Protoss Protoss
  • League: Silver
  • Spawn Location: 3:00

VOD

Have the link to the VOD?

Description

Time

  • Played on: Jan. 13, 2019, 8:32 p.m.
  • Length: 4:35
Show
View Real Time Build Order
Export as new Build Order

Mesrob Terran 

Build Orders:  

Get SALT Encoding   

  12  0:01  SCV  
  13  0:13  SCV  
  14  0:22  Supply Depot  
  14  0:25  SCV  
  15  0:44  SCV  
  15  0:46  Barracks  
  16  0:53  Refinery  
  16  0:56  SCV  
  17  1:08  SCV  
  18  1:20  SCV  
  19  1:41  Marine  
  19  1:45  Command Center  
  21  1:48  Orbital Command  
  20  1:56  Engineering Bay  
  20  2:05  Factory  
  20  2:09  Barracks Tech Lab  
  20  2:15  SCV  
  21  2:27  SCV  
  22  2:33  Missile Turret  
  22  2:56  Refinery, Barracks Reactor, SCV  
  22  2:58  Missile Turret  
  24  3:01  Orbital Command  
  23  3:08  SCV  
  24  3:20  Siege Tank, SCV, Missile Turret  
  27  3:38  Marine x2  
Show
View Real Time Build Order
Export as new Build Order

Subwaymaker Protoss 

Build Orders:  

Get SALT Encoding   

  1  0:00  Probe  
  12  0:05  Probe  
  14  0:23  Pylon  
  14  0:32  Probe  
  15  0:44  Probe  
  16  0:50  Gateway  
  16  0:54  Assimilator  
  16  0:57  Probe  
  17  1:09  Probe  
  18  1:22  Probe  
  19  1:27  Forge  
  19  1:29  Pylon  
  19  1:30  Probe  
  19  1:32  Assimilator  
  19  1:37  Zealot  
  19  1:38  Probe  
  23  1:50  Cybernetics Core, Probe  
  24  2:02  Probe  
  25  2:14  Probe  
  26  2:18  Photon Cannon  
  26  2:26  Probe  
  27  2:40  Probe  
  27  2:44  Nexus  
  28  2:53  Probe  
  28  2:57  Pylon  
  29  3:39  Photon Cannon  
Show
View Real Time Build Order
Export as new Build Order

femoragasgma Protoss 

Build Orders:  

Get SALT Encoding   

  12  0:01  Probe  
  13  0:16  Probe  
  14  0:24  Pylon  
  14  0:28  Probe  
  15  0:42  Probe  
  15  0:49  Assimilator  
  16  0:50  Probe  
  17  0:57  Pylon  
  17  0:59  Probe  
  18  1:17  Gateway x2  
  18  1:21  Probe  
  19  1:33  Probe  
  20  1:45  Probe  
  20  1:46  Gateway  
  21  1:57  Probe  
  22  2:11  Cybernetics Core  
  22  2:13  Assimilator  
  22  2:15  Zealot  
  22  2:16  Zealot  
  26  2:26  Probe  
  27  2:34  Probe  
  27  2:41  Zealot  
  30  2:51  Pylon  
  30  3:09  Zealot x2  
  34  3:18  Zealot  
  36  3:36  Pylon, Zealot  
  38  3:41  Probe  
  39  3:54  Probe, Zealot x2  
  42  4:03  Zealot  
  42  4:05  Pylon  
  42  4:14  Nexus  
Show
View Real Time Build Order
Export as new Build Order

Huterforteye Protoss 

Build Orders:  

Get SALT Encoding   

  12  0:01  Probe  
  13  0:20  Probe  
  14  0:25  Pylon  
  14  0:32  Probe  
  15  0:44  Probe  
  16  0:55  Probe  
  16  0:58  Pylon  
  16  1:03  Probe  
  17  1:06  Assimilator  
  18  1:13  Probe  
  18  1:16  Gateway  
  19  1:24  Gateway  
  19  1:25  Gateway  
  19  1:34  Probe  
  20  1:48  Gateway  
  20  2:08  Probe  
  20  2:12  Cybernetics Core  
  20  2:14  Zealot x2  
  25  2:29  Pylon  
  25  2:38  Probe  
  25  2:41  Zealot  
  28  2:44  Zealot  
  30  2:54  Zealot  
  30  3:17  Zealot x2  
  34  3:21  Zealot  
  36  3:44  Zealot  
  38  4:03  Zealot  
Tags
 
Add a new tag
Caveats
  • Supply blocks, unpowered buildings, or Contaminate may cause inaccurate times.
  • Supply counts are checked every 10 seconds.